 Dungeon Crawl Stone Soup version 0.18-b1-14-g029dad2 (webtiles) character file.

1044 Chiseanne the Magician (level 8, 35/57 HPs)
             Began as a Demonspawn Wizard on Apr 30, 2016.
             Was an Initiate of Gozag.
             Quit the game on level 5 of the Dungeon.
             The game lasted 00:14:38 (6417 turns).

Chiseanne the Magician (Demonspawn Wizard)          Turns: 6417, Time: 00:14:39

Health: 35/57      AC:  7    Str:  7    XL:     8   Next: 4%
Magic:  16/16      EV: 11    Int: 21    God:    Gozag
Gold:   169        SH:  0    Dex: 13    Spells: 5 memorised, 7 levels left

rFire  . . .     SeeInvis .     a - +2 dagger (elec)
rCold  . . .     Gourm    .     t - +1 leather armour
rNeg   . . .     Faith    .     (no shield)
rPois  .         Spirit   .     b - +0 hat
rElec  .         Dismiss  .     r - +0 cloak
rCorr  .         Reflect  .     (no gloves)
SustAt .         Harm     .     (no boots)
MR     .....                    (no amulet)
Stlth  +.........               (no ring)
                                (no ring)

@: mildly poisoned (35 -> 34), drained, not resistant to hostile enchantments,
very unstealthy
A: claws 1, rugged brown scales 2, frail 1, spiny 1
a: Potion Petition, Call Merchant, Bribe Branch, Renounce Religion


You were on level 5 of the Dungeon.
You worshipped Gozag.
Gozag was noncommittal.
You were not hungry.

You visited 2 branches of the dungeon, and saw 6 of its levels.

You collected 458 gold pieces.
You spent 204 gold pieces at shops.
You paid 85 gold pieces to Gozag.

Inventory:

Hand Weapons
 a - a +2 dagger of electrocution (weapon)
Missiles
 h - 59 stones (quivered)
 j - 146 arrows
 k - 31 bolts
 p - 22 sling bullets
 s - 3 poisoned tomahawks
Armour
 b - a +0 hat (worn)
 r - a +0 cloak (worn)
 t - a +1 leather armour (worn)
Wands
 l - a wand of disintegration (8/24)
 n - a wand of paralysis (16/24)
 w - a wand of lightning (10/15)
Scrolls
 e - 3 scrolls of remove curse
 i - a scroll of identify
 q - a scroll of teleportation
 u - a scroll of fear
Potions
 g - 2 potions of curing
 m - a potion of flight
 o - 4 potions of lignification
Books
 c - a book of Minor Magic

   Spells                             Type                      Level
   a - Magic Dart                     Conjuration                  1
   b - Blink                          Translocation                2
   c - Call Imp                       Summoning                    2
   d - Repel Missiles                 Charms/Air                   2
   e - Slow                           Hexes                        2
   f - Conjure Flame                  Conjuration/Fire             3
   g - Mephitic Cloud                 Conjuration/Poison/Air       3
Comestibles
 d - 6 bread rations
 f - a meat ration


   Skills:
 * Level 4.8(4.1) Fighting
 - Level 1.7(1.1) Dodging
 - Level 1.7(1.1) Stealth
 * Level 5.9(5.2) Spellcasting
 * Level 5.4(4.7) Conjurations
   Level 1.0(0.3) Summonings
 - Level 0.8(0.2) Translocations


You had 7 spell levels left.
You knew the following spells:

 Your Spells              Type           Power        Failure   Level  Hunger
a - Magic Dart            Conj           ####         1%          1    None
b - Blink                 Tloc           N/A          21%         2    None
c - Repel Missiles        Chrm/Air       #.....       28%         2    None
d - Mephitic Cloud        Conj/Pois/Air  ##......     30%         3    ##.....
e - Conjure Flame         Conj/Fire      ###.....     21%         3    ##.....


Dungeon Overview and Level Annotations

Branches:
Dungeon (5/15)             Temple (1/1) D:4

Altars:
Ashenzari
Cheibriados
Dithmenos
Elyvilon
Fedhas
Gozag
Makhleb
Nemelex Xobeh
Okawaru
Pakellas
Qazlal
Ru
Sif Muna
Trog
Vehumet
Xom
Yredelemnul
Zin
The Shining One

Shops:
D:4 *


Innate Abilities, Weirdness & Mutations

You have sharp fingernails.
You are mostly covered in rugged brown scales (AC +2, +5% HP).
You are partially covered in sharp spines.
You are frail (-10% HP).


Message History

No target in view!
No target in view!
You feel sick.
You now have 128 gold pieces (gained 4).
You feel sick.
You now have 134 gold pieces (gained 6).
You feel sick.
You now have 138 gold pieces (gained 4).
You feel sick.
You now have 147 gold pieces (gained 9).
You see here a whip of draining.
You feel sick.
o - 4 potions of lignification (gained 1)
You feel sick.
You now have 151 gold pieces (gained 4).
You feel sick.
You now have 163 gold pieces (gained 12).
You feel sick.
You now have 169 gold pieces (gained 6).
Are you sure you want to abandon this character and quit the game? (Confirm with "yes".)

# #############
............#
###########.#
..........#.#
.########.#.#####
.......##.#.....#
.#####.##.#####.#####
.....# ##.#.....@...#
.#...# #........###.#
##...#.#....##..#
.#...#.....)....#####
.....#......#........<
.#...#....#....#######
######....#.####
.......#.# ####.....#


There were no monsters in sight!

Vanquished Creatures
  Pikel (D:2)
  2 slaves
  A sky beast (D:5)
  A scorpion (D:4)
  4 hounds
  2 orc priests (D:3)
  An orc wizard (D:4)
  2 worker ants
  A gnoll (D:5)
  10 adders
  An ooze (D:3)
  2 worms (D:2)
  4 dart slugs
  7 giant geckos
  11 orcs
  3 giant cockroaches
  7 goblins
  7 hobgoblins
  12 kobolds
  3 quokkas
  2 ball pythons
  6 bats (D:1)
  A giant gecko skeleton (D:4)
  8 giant newts
  A jackal skeleton (D:4)
  A quokka skeleton (D:4)
  7 rats
108 creatures vanquished.

Notes
Turn   | Place    | Note
--------------------------------------------------------------
     0 | D:1      | Chiseanne the Demonspawn Wizard began the quest for the Orb.
     0 | D:1      | Reached XP level 1. HP: 13/13 MP: 4/4
   196 | D:1      | Gained mutation: You are partially covered in rugged brown scales (AC +1, +3% HP). [demonic ancestry]
   196 | D:1      | Reached XP level 2. HP: 3/19 MP: 0/6
   683 | D:1      | Learned a level 2 spell: Blink
   686 | D:1      | Learned a level 2 spell: Repel Missiles
   924 | D:1      | Gained mutation: You are partially covered in sharp spines. [demonic ancestry]
   924 | D:1      | Reached XP level 3. HP: 25/25 MP: 2/8
  1474 | D:2      | Reached skill level 1 in Fighting
  1627 | D:2      | Reached XP level 4. HP: 29/32 MP: 9/9
  2639 | D:3      | Gained mutation: You are mostly covered in rugged brown scales (AC +2, +5% HP). [demonic ancestry]
  2639 | D:3      | Reached XP level 5. HP: 23/39 MP: 11/11
  3590 | D:4      | Noticed Pikel
  3590 | D:4      | Noticed a slave
  3590 | D:4      | Noticed a slave
  3590 | D:4      | Noticed a slave
  3590 | D:4      | Noticed a slave
  3616 | D:2      | Gained mutation: Your flesh is cold resistant. [potion of mutation]
  3616 | D:2      | Gained mutation: You are frail (-10% HP). [potion of mutation]
  3616 | D:2      | Lost mutation: Your flesh is cold resistant. [potion of mutation]
  3651 | D:2      | Learned a level 3 spell: Mephitic Cloud
  3674 | D:2      | Learned a level 3 spell: Conjure Flame
  4277 | D:4      | Reached XP level 6. HP: 38/43 MP: 3/12
  4421 | D:4      | Found a burning altar of Makhleb.
  4431 | D:4      | Killed a slave
  4647 | D:2      | Killed a slave
  5095 | D:2      | Killed Pikel
  5095 | D:2      | Reached skill level 5 in Spellcasting
  5095 | D:2      | Reached XP level 7. HP: 51/51 MP: 11/15
  5161 | D:4      | Found a staircase to the Ecumenical Temple.
  5166 | Temple   | Entered the Ecumenical Temple
  5252 | Temple   | Became a worshipper of Gozag Ym Sagoz the Greedy
  5853 | D:4      | Reached skill level 5 in Conjurations
  6008 | D:4      | Found Coosk's Assorted Antiques.
  6012 | D:4      | Bought a scintillating amber ring for 80 gold pieces
  6012 | D:4      | Bought 2 metallic brown potions for 28 gold pieces
  6012 | D:4      | Bought a scroll of identify for 32 gold pieces
  6012 | D:4      | Bought a wooden wand for 64 gold pieces
  6015 | D:4      | Identified the ring "Dicor" {*Tele Str+6 Dex-3} (You bought it in a shop on level 4 of the Dungeon)
  6062 | D:5      | Entered Level 5 of the Dungeon
  6390 | D:5      | Gained mutation: You have sharp fingernails. [demonic ancestry]
  6390 | D:5      | Reached XP level 8. HP: 47/57 MP: 16/16
  6417 | D:5      | Quit the game

Skill      XL: |  1  2  3  4  5  6  7 |
---------------+----------------------+-----
Conjurations   | 2 3 4 5 |  5.4
Fighting       | 1 2 4 |  4.8
Spellcasting   | 4 5 |  5.9
Dodging        | |  1.7
Stealth        | |  1.7
Summonings     | |  1.0
Translocations | |  0.8

Action                   |  1- 3 |  4- 6 |  7- 9 || total
-------------------------+-------+-------+-------++-------
Melee: Mace              |    41 |    42 |       ||    83
       Whip              |       |    69 |       ||    69
       Dagger            |       |    11 |    55 ||    66
 Cast: Magic Dart        |    61 |    28 |       ||    89
       Repel Missiles    |     1 |       |       ||     1
       Blink             |     2 |     8 |       ||    10
       Conjure Flame     |       |     3 |       ||     3
       Mephitic Cloud    |       |     2 |       ||     2
  Use: Scroll            |       |    10 |     3 ||    13
       Potion            |       |     4 |     1 ||     5
 Stab: Sleeping          |     1 |     2 |       ||     3
       Confused          |       |     1 |       ||     1
  Eat: Chunk             |     2 |    11 |       ||    13
       Beef jerky        |       |     1 |     1 ||     2
       Bread ration      |       |       |     1 ||     1
Armor: Robe              |    11 |     5 |       ||    16
       Leather armour    |       |    19 |    17 ||    36
Dodge: Dodged            |    31 |    55 |    25 ||   111
       Deflected         |     1 |       |       ||     1
